 Dungeon Crawl Stone Soup version 0.26-a0-663-g36e8fdb655 (webtiles) character file.

Game seed: 2611392497228862703

3936 looop the Frost Mage (level 10, 73/73 HPs)
             Began as a Demonspawn Ice Elementalist on Oct 11, 2020.
             Was an Initiate of Gozag.
             Quit the game on level 10 of the Dungeon on Oct 12, 2020.
             The game lasted 00:20:43 (11688 turns).

looop the Frost Mage (Demonspawn Ice Elementalist) Turns: 11688, Time: 00:20:43

Health: 73/73      AC: 26    Str:  8    XL:     10   Next: 1%
Magic:  13/19      EV: 14    Int: 20    God:    Gozag
Gold:   1662       SH:  0    Dex: 20    Spells: 6/21 levels left

rFire    . . .     SeeInvis .   a - +0 short sword (protect)
rCold    + + .     Faith    .   (no shield)
rNeg     . . .     Spirit   .   D - +2 leather armour {rC+}
rPois    .         Reflect  .   w - +1 hat
rElec    .         Harm     .   H - +1 cloak {rCorr}
rCorr    +         Rampage  .   b - +0 pair of gloves
MR       .....                  (no boots)
Stlth    ++........             (no amulet)
HPRegen  0.22/turn              I - ring "Moerghon" {+Fly Slay+5}
MPRegen  0.16/turn              e - +6 ring of dexterity

@: icy armour, gold aura, protection aura, frozen ramparts
A: antennae 2, icy blue scales 3, demonic guardian 1
a: Potion Petition, Call Merchant, Bribe Branch, Renounce Religion, Evoke Flight


You were on level 10 of the Dungeon.
You worshipped Gozag.
Gozag was most pleased with you.
You visited 1 branch of the dungeon, and saw 10 of its levels.
You also visited: Sewer and Ossuary.

You collected 1715 gold pieces.
You paid 53 gold pieces to Gozag.

Inventory:

Hand Weapons
 a - a +0 short sword of protection (weapon)
Missiles
 d - 10 boomerangs (quivered)
Armour
 b - a +0 pair of gloves (worn)
 w - a +1 hat (worn)
 D - a +2 leather armour of cold resistance (worn)
 H - a +1 cloak of preservation (worn)
Jewellery
 e - a +6 ring of dexterity (right hand)
 I - the ring "Moerghon" (left hand) {+Fly Slay+5}
   (You found it on level 8 of the Dungeon)

   [ring of flight]

   It affects your accuracy and damage with ranged weapons and melee attacks
   (+5).
   It lets you fly.
Wands
 u - a wand of disintegration (1)
 y - a wand of flame (38)
Scrolls
 c - 6 scrolls of teleportation {unknown}
 h - 2 scrolls of enchant armour {unknown}
 l - 6 scrolls of immolation {unknown}
 m - 5 scrolls of fog {unknown}
 o - 6 scrolls of remove curse {unknown}
 p - 2 scrolls of blinking {unknown}
 r - a scroll of enchant weapon
 s - 5 scrolls of fear
 v - 2 scrolls of magic mapping
 F - a scroll of vulnerability
 G - a scroll of random uselessness {unknown}
 K - 2 scrolls of identify
Potions
 f - a potion of experience {unknown}
 g - a potion of haste {unknown}
 i - 5 potions of might
 j - 3 potions of flight {unknown}
 k - a potion of berserk rage {unknown}
 n - 8 potions of curing
 q - 2 potions of cancellation
 t - a potion of mutation {unknown}
 x - 4 potions of lignification {unknown}
 z - 2 potions of degeneration {unknown}
 A - a potion of invisibility {unknown}
 B - 3 potions of heal wounds {unknown}
 C - a potion of ambrosia {unknown}
 E - a potion of brilliance {unknown}
 J - a potion of stabbing {unknown}


   Skills:
 + Level 4.8 Fighting
 + Level 4.6 Dodging
 - Level 1.7 Stealth
 + Level 6.3 Spellcasting
 - Level 3.4 Conjurations
 - Level 3.4 Summonings
 * Level 9.4 Ice Magic


You had 6 spell levels left.
You knew the following spells:

 Your Spells              Type           Power        Failure   Level
a - Freeze                Ice            ####         1%          1
b - Frozen Ramparts       Ice            #####.       1%          3
c - Ozocubu's Armour      Ice            #####...     1%          3
d - Hailstorm             Conj/Ice       ####....     11%         4
e - Summon Ice Beast      Ice/Summ       ####....     11%         4

Your spell library contained the following spells:

 Spells                   Type           Power        Failure   Level
 Malign Gateway           Summ/Tloc      ##........   100%        7
 Monstrous Menagerie      Summ           ###.......   100%        7
 Summon Greater Demon     Summ           ###.......   100%        7
 Summon Horrible Things   Summ           ###.......   100%        8


Dungeon Overview and Level Annotations

Branches:
Dungeon (10/15)            Temple (0/1) D:5            Lair (0/6) D:8
  Sewer (visited)         Ossuary (visited)
    Orc: D:9-12

Altars:
Ashenzari
Cheibriados
Dithmenos
Elyvilon
Gozag
Nemelex Xobeh
Okawaru
Qazlal
Sif Muna
Vehumet
Xom

Shops:
D:6 =


Innate Abilities, Weirdness & Mutations

You have a pair of antennae on your head.
You are completely covered in icy blue scales. (AC +4, rC+)
A weak demonic guardian rushes to your aid.


Message History

Confirm with . or Enter, or press ? or * to list all spells.
A film of ice covers your body!
The wall freezes the orc warrior!
The orc warrior hits you but does no damage.
You hit the orc warrior.
Your weapon exudes an aura of protection.
The orc warrior is almost dead.
The wall freezes the orc warrior.
The orc warrior hits you but does no damage.
You closely miss the orc warrior.
The orc warrior is almost dead.
The wall freezes the orc warrior!
You kill the orc warrior!
You have reached level 10!
Your demonic ancestry asserts itself...
You feel the presence of a demonic guardian.
Welcome back, looop the Demonspawn Ice Elementalist.
Gozag says: Greed is good.
Press ? for a list of commands and other information.
Okay, then.
Are you sure you want to abandon this character and quit the game? (Confirm with "yes".)

#...##....#
#.#.......
...#⌠.##+#..⌠
......#.#.......
...#.........
......+.#.......
#####.......#
......###.......
#.......#
......# #.......
'..._...'
......# #..<....
#.......# .....
########
#...^.o.#####..#
.....o.$...$@..#
⌠§##'##.⌠#..####
####.## ...#
...## $ #.#.
..... #...#


You could see an orc wizard and an orc.

Vanquished Creatures
  A troll (D:9)
  A hornet (D:10)
  A wyvern (D:10)
  A yak (D:8)
  Duvessa (D:7)
  A water moccasin (D:5)
  A sky beast (D:5)
  3 orc warriors
  Purgy (Sewer)
  An ice beast (D:5)
  An ogre (D:9)
  3 centaurs
  6 bullfrogs
  A water moccasin zombie (D:8)
  Dowan (D:7)
  2 scorpions
  6 killer bees (D:7)
  5 jellies
  A bullfrog zombie (D:10)
  2 hounds
  4 orc priests
  2 orc wizards
  An iguana (D:4)
  7 worker ants
  2 hound skeletons
  8 mummies (Ossuary)
  A howler monkey zombie (D:7)
  Robin (D:2)
  13 adders
  3 gnolls (D:9)
  A river rat (D:3)
  2 shadow imps (D:9)
  A white imp (D:7)
  An ufetubus (D:7)
  An ooze (D:4)
  4 worms
  2 dart slugs
  5 leopard geckos
  24 orcs
  7 giant cockroaches
  19 goblins
  10 hobgoblins
  13 jackals
  5 quokkas
  5 ball pythons
  7 bats
  10 frilled lizards
  A hobgoblin zombie (Ossuary)
  10 kobolds
  4 kobold zombies (Ossuary)
  A leopard gecko skeleton (D:6)
  3 orc zombies (Ossuary)
  4 rats
222 creatures vanquished.

Vanquished Creatures (collateral kills)
  Menkaure (D:4)
  An ice beast (D:5)
  A shadow imp (D:5)
  A dart slug (D:5)
4 creatures vanquished.

Vanquished Creatures (others)
  7 fungi (D:8)
  19 plants
26 creatures vanquished.

Grand Total: 252 creatures vanquished

Notes
Turn   | Place    | Note
-------+----------+-------------------------------------------
     0 | D:1      | looop the Demonspawn Ice Elementalist began the quest for
                  | the Orb.
     0 | D:1      | Reached XP level 1. HP: 13/13 MP: 3/3
   278 | D:1      | Gained mutation: You are partially covered in icy blue
                  | scales. (AC +2) [demonic ancestry]
   278 | D:1      | Reached XP level 2. HP: 4/19 MP: 0/5
   630 | D:1      | Reached skill level 4 in Ice Magic
  1268 | D:1      | Gained mutation: You have a pair of small antennae on your
                  | head. [demonic ancestry]
  1268 | D:1      | Reached XP level 3. HP: 24/24 MP: 6/6
  1534 | D:1      | Learned a level 3 spell: Frozen Ramparts
  1837 | D:2      | Noticed Robin
  1866 | D:2      | Killed Robin
  1866 | D:2      | Reached XP level 4. HP: 22/30 MP: 4/8
  2020 | D:2      | Learned a level 3 spell: Ozocubu's Armour
  2363 | D:2      | Found a shimmering altar of Xom.
  2575 | D:2      | Noticed a centaur
  2590 | D:2      | Killed a centaur
  2590 | D:2      | Reached skill level 5 in Ice Magic
  2590 | D:2      | Gained mutation: You are mostly covered in icy blue scales.
                  | (AC +3) [demonic ancestry]
  2590 | D:2      | Reached XP level 5. HP: 10/35 MP: 5/10
  2862 | D:2      | Found an iron altar of Okawaru.
  3415 | D:3      | Found a glowing drain.
  3432 | Sewer    | Entered a sewer
  3540 | Sewer    | Noticed Purgy
  3564 | Sewer    | Killed Purgy
  3564 | Sewer    | Reached skill level 6 in Ice Magic
  3564 | Sewer    | Reached XP level 6. HP: 23/41 MP: 0/11
  3874 | D:3      | Learned a level 4 spell: Hailstorm
  3891 | D:3      | Found an opulent altar of Gozag.
  3891 | D:3      | Found a sparkling altar of Nemelex Xobeh.
  3897 | D:3      | Became a worshipper of Gozag Ym Sagoz the Greedy
  4728 | D:4      | Found a white marble altar of Elyvilon.
  4791 | D:4      | Gained mutation: You have a pair of antennae on your head.
                  | [demonic ancestry]
  4791 | D:4      | Reached XP level 7. HP: 46/46 MP: 9/13
  4820 | D:4      | Found a sand-covered staircase.
  4825 | Ossuary  | Entered an ossuary
  5370 | D:4      | Reached skill level 1 in Fighting
  5373 | D:4      | Reached skill level 7 in Ice Magic
  5601 | D:4      | Noticed Menkaure
  5611 | D:3      | Learned a level 4 spell: Summon Ice Beast
  5617 | D:4      | Killed Menkaure
  5724 | D:4      | Found an iron altar of Okawaru.
  5918 | D:5      | Entered Level 5 of the Dungeon
  5943 | D:5      | Reached skill level 1 in Conjurations
  5943 | D:5      | Reached skill level 1 in Summonings
  6061 | D:5      | Found a shadowy altar of Dithmenos.
  6112 | D:5      | Reached XP level 8. HP: 24/56 MP: 9/15
  6357 | D:5      | Found a staircase to the Ecumenical Temple.
  6386 | D:5      | Reached skill level 5 in Spellcasting
  6785 | D:6      | Found Xejauten's Jewellery Shop.
  7588 | D:7      | Noticed Duvessa
  7589 | D:7      | Noticed Dowan
  7608 | D:7      | Killed Duvessa
  7608 | D:7      | Reached skill level 8 in Ice Magic
  7612 | D:7      | Killed Dowan
  8120 | D:7      | Gained mutation: You are completely covered in icy blue
                  | scales. (AC +4, rC+) [demonic ancestry]
  8120 | D:7      | Reached XP level 9. HP: 59/64 MP: 17/17
  9402 | D:8      | Found a staircase to the Lair.
  9455 | D:8      | Got a faintly glowing amber ring
  9457 | D:8      | Identified the ring "Moerghon" {+Fly Slay+5} (You found it
                  | on level 8 of the Dungeon)
  9961 | D:9      | Found a snail-covered altar of Cheibriados.
  9961 | D:9      | Found a shimmering blue altar of Sif Muna.
 10292 | D:9      | Noticed a troll
 10310 | D:9      | Killed a troll
 10310 | D:9      | Reached skill level 9 in Ice Magic
 10849 | D:9      | Found a stormy altar of Qazlal.
 10856 | D:9      | Found a shadowy altar of Dithmenos.
 10860 | D:9      | Found a radiant altar of Vehumet.
 11405 | D:10     | Entered Level 10 of the Dungeon
 11675 | D:10     | Found a broken altar of Ashenzari.
 11687 | D:10     | Gained mutation: A weak demonic guardian rushes to your
                  | aid. [demonic ancestry]
 11687 | D:10     | Reached XP level 10. HP: 73/73 MP: 13/19
 11688 | D:10     | Quit the game

Illustrated notes

Levels and vault maps discovered:
D:1:      dpeg_arrival_pits, layout_basic, chequers_serial_rivers_micro_d,
          minmay_circled_x
D:2:      layout_basic, nicolae_overflow_crystal_walls, lemuel_altar_in_water,
          uniq_robin
D:3:      layout_basic, grunt_temple_overflow_opulence, gup_sewer_entry_bubbles
D:4:      layout_basic, kennysheep_okawaru_gauntlet, lemuel_crystal_altar,
          enter_ossuary_5, uniq_menkaure
D:5:      layout_rooms, minmay_temple_entry_statues_fountains,
          grunt_dithmenos_smoke_and_mirrors
D:6:      cheibrodos_quashed, layout_cave_pools, serial_shops, shop
D:7:      layout_loops_corners, serial_bayou_ford_a, uniq_duvessa
D:8:      layout_basic, grunt_lair_entry_orc_guard_hut
D:9:      layout_layer_cave, minitemple, gammafunk_temple_overflow_statue
D:10:     layout_roguey, evilmike_ruin_ashenzari

Skill      XL: |  1  2  3  4  5  6  7  8  9 |
---------------+----------------------------+-----
Ice Magic      | 4 5 6 7 8 9 |  9.4
Spellcasting   | 3 4 5 6 |  6.3
Fighting       | 2 3 4 |  4.8
Dodging        | 2 3 4 |  4.6
Conjurations   | 1 2 3 |  3.4
Summonings     | 1 2 3 |  3.4
Stealth        | |  1.7

Action                   |  1- 3 |  4- 6 |  7- 9 | 10-12 || total
-------------------------+-------+-------+-------+-------++-------
Melee: Unarmed           |    32 |       |       |       ||    32
       Short sword       |    55 |   203 |   426 |       ||   684
Throw: Boomerang         |    19 |       |    16 |       ||    35
 Cast: Freeze            |    23 |     4 |       |       ||    27
       Frozen Ramparts   |     3 |    20 |    41 |       ||    64
       Ozocubu's Armour  |       |     1 |    11 |       ||    12
       Hailstorm         |       |       |     8 |       ||     8
       Summon Ice Beast  |       |       |     4 |       ||     4
Evoke: Wand              |       |       |     9 |       ||     9
  Use: Scroll            |       |       |     7 |       ||     7
 Stab: Sleeping          |     2 |     4 |     7 |       ||    13
Armor: Robe              |    29 |   107 |    20 |       ||   156
       Leather armour    |       |       |   213 |       ||   213
Dodge: Dodged            |    77 |   183 |   317 |       ||   577

Table legend: (Time is in decaauts)
 A = Elapsed time spent in this place.
 B = Non-inter-level travel time spent in this place.
 C = Inter-level travel time spent in this place.
 D = Time resting spent in this place.
 E = Time spent auto-exploring this place.
 F = Levels seen in this place.
 G = Mean time per level.
                   A        B        C        D        E       F      G
               +--------+--------+--------+--------+--------+-----+--------+
         Total |  11847 |  11641 |    206 |     46 |   9185 |  12 |  987.2 |
       Dungeon |  10869 |  10663 |    206 |     23 |   8532 |  10 | 1086.9 |
         Sewer |    456 |    456 |      0 |     21 |    328 |   1 |  456.0 |
       Ossuary |    521 |    521 |      0 |      2 |    324 |   1 |  521.0 |
               +--------+--------+--------+--------+--------+-----+--------+

Top non-repeatable levels by time:
     D:9: 1597 daAuts
     D:1: 1541 daAuts
     D:2: 1538 daAuts
     D:7: 1418 daAuts
     D:3: 1252 daAuts
     D:8: 1040 daAuts
     D:5: 767 daAuts
     D:4: 725 daAuts
     D:6: 700 daAuts
 Ossuary: 521 daAuts
   Sewer: 456 daAuts
    D:10: 286 daAuts
